 Dungeon Crawl Stone Soup version 0.30-a0-1116-gebefce21f7 (webtiles) character file.

Game seed: 18129208005130201386

5139 Newt the Slicer (level 10, -5/71 HPs)
             Began as a Demonspawn Gladiator on Apr 21, 2023.
             Was a Priest of Okawaru.
             Slain by a yak (11 damage)
             ... on level 9 of the Dungeon.
             The game lasted 00:09:57 (10513 turns).

Newt the Slicer (Demonspawn Gladiator)             Turns: 10513, Time: 00:09:57

Health: -5/71      AC:  8    Str: 16    XL:     10   Next: 33%
Magic:  10/10      EV: 13    Int: 13    God:    Okawaru [***...]
Gold:   607        SH:  0    Dex: 16    Spells: 6/9 levels left

rFire   . . .      SeeInvis .    D - +3 falchion
rCold   . . .      Faith    .    (no shield)
rNeg    . . .      Spirit   .    s - +0 ring mail {rPois}
rPois   +          Reflect  .    F - +2 hat
rElec   .          Rampage  .    o - +0 cloak
rCorr   +                        (no gloves)
Will    .....                    (no boots)
Stlth   ++                       (no amulet)
HPRegen 0.31/turn                A - ring of wizardry
MPRegen 0.24/turn                y - ring of resist corrosion

@: mighty
A: magic regeneration, big brain 1, demonic touch 2
a: Renounce Religion, Heroism


You were on level 9 of the Dungeon.
You worshipped Okawaru.
Okawaru was most pleased with you.
You visited 2 branches of the dungeon, and saw 10 of its levels.

You collected 607 gold pieces.

Inventory:

Hand Weapons
 a - a +0 rapier
 k - a +4 short sword
 D - a +3 falchion (weapon)
Missiles
 d - 3 throwing nets
 e - 4 javelins
 p - 18 boomerangs (quivered)
 E - 11 poisoned darts
Armour
 b - a +0 leather armour
 c - a +0 helmet
 o - a +0 cloak (worn)
 s - a +0 ring mail of poison resistance (worn)
 F - a +2 hat (worn)
Jewellery
 y - a ring of resist corrosion (right hand)
 A - a ring of wizardry (left hand)
Wands
 q - a wand of polymorph (13)
 u - a wand of flame (57)
Scrolls
 h - 2 scrolls of poison
 i - 6 scrolls of teleportation
 j - a scroll of magic mapping
 m - 2 scrolls of fear
 r - a scroll of torment
 t - a scroll of silence
 B - a scroll of noise
 C - a scroll of identify
Potions
 g - a potion of curing
 l - 2 potions of brilliance
 n - 3 potions of degeneration
 v - a potion of might
 w - 2 potions of haste
 z - a potion of mutation


   Skills:
 - Level 4.0 Fighting
 - Level 8.7(9.5) Short Blades
 - Level 5.6(8.0) Long Blades
 - Level 4.0 Throwing
 - Level 3.0 Armour
 + Level 6.2 Dodging
 - Level 5.0 Stealth
 - Level 3.0 Evocations


You had 6 spell levels left.
You knew the following spells:

 Your Spells              Type           Power      Damage    Failure   Level
a - Frozen Ramparts       Ice            0%         1d1       52%         3

Your spell library contained the following spells:

 Spells                   Type           Power      Damage    Failure   Level
 Magic Dart               Conj           0%         1d3       22%         1
 Sandblast                Erth           0%         2d4       22%         1
 Slow                     Hex            0%         N/A       22%         1
 Ensorcelled Hibernation  Hex/Ice        0%         N/A       32%         2
 Passwall                 Tmut/Erth      0%         N/A       32%         2
 Searing Ray              Conj           0%         2d4       32%         2
 Confusing Touch          Hex            0%         N/A       52%         3
 Mephitic Cloud           Conj/Pois/Air  0%         N/A       52%         3
 Stone Arrow              Conj/Erth      0%         3d7       52%         3
 Swiftness                Air            0%         N/A       52%         3
 Vampiric Draining        Necr           0%         2d6       52%         3
 Vhi's Electric Charge    Tloc/Air       0%         N/A       52%         3
 Anguish                  Hex/Necr       0%         N/A       89%         4
 Fulminant Prism          Conj/Hex       0%         3d5       89%         4
 Ice Form                 Ice/Tmut       0%         N/A       89%         4
 Petrify                  Tmut/Erth      0%         N/A       89%         4
 Arcjolt                  Conj/Air       0%         1d10      99%         5
 Metabolic Englaciation   Hex/Ice        0%         N/A       99%         5
 Statue Form              Tmut/Erth      0%         N/A       100%        6
 Enfeeble                 Hex            0%         N/A       100%        7
 Maxwell's Capacitive Co  Air            0%         ∞         100%        8
 Call Imp                 Summ           Unusable   N/A       N/A         2
 Summon Ice Beast         Ice/Summ       Unusable   N/A       N/A         4

Dungeon Overview and Level Annotations

Branches:
Dungeon (9/15)             Temple (1/1) D:6            Lair (0/5) D:9
    Orc: D:9-12

Altars:
Ashenzari
Cheibriados
Dithmenos
Fedhas
Gozag
Hepliaklqana
Kikubaaqudgha
Makhleb
Nemelex Xobeh
Okawaru
Qazlal
Ru
Sif Muna
Trog
Uskayaw
Vehumet
Xom
Yredelemnul

Shops:
D:4 *

Annotations:
D:9 1 transporter, dacat99's ghost, novice MiFi


Innate Abilities, Weirdness & Mutations

You regenerate magic rapidly.
You have an unusually large brain. (Int +2)
Your touch may inflict irresistible damage on your foes.


Message History

The yak gores you but does no damage.
You feel better.
The wyvern bites you but does no damage.
The yak gores you!
* * * LOW HITPOINT WARNING * * *
You feel better. The wyvern closely misses you. The wyvern misses you.
The yak misses you.
Blink to where?
Press: ? - help, Dir - move target
As you read the scroll of blinking, it crumbles to dust.
You feel like a meek peon again. The yak attacks as you move away!
The yak gores you but does no damage.
Found a wand of flame (15) and a dagger.
Found a bloodstained altar of Trog.
You hit the yak.
The yak is severely wounded.
The yak gores you but does no damage.
You slice the yak!!
You kill the yak!
Okawaru accepts your kill.
Your Dodging skill increases to level 6!
The wyvern hisses angrily.
The yak barely misses you. The yak gores you but does no damage.
The water moccasin bites you.
* * * LOW HITPOINT WARNING * * *
You see here a yak corpse.
The yak attacks as you move away! The yak misses you.
You hit the yak.
The yak is lightly wounded.
The yak gores you.
* * * LOW HITPOINT WARNING * * *
You barely miss the yak.
You touch the yak!
Your punch misses the yak.
The yak is heavily wounded.
The wyvern hisses menacingly.
The yak gores you!
* * * LOW HITPOINT WARNING * * *
You hit the yak.
The yak is heavily wounded.
The yak gores you!
You die...

..♣♣....$#
..>.......#
...P.....# #
.........# .#
...........## ...
# ......P.P.# _..
. .........# /. #
.S.P♣.#S###.#....
.yS.#..YY@.......
##l #.#l###.#.##.
#.##.#.# ..
#.lY...# #..
####.### ## #.#
##.## #.#.# ...
#..## #.#


You could see 2 yaks, a water moccasin and a wyvern.

Vanquished Creatures
  A two-headed ogre (D:8)
  Pikel (D:8)
  A yak (D:9)
  The ghost of Grieffels the Poker, an amateur MiGl (D:4)
  A steam dragon (D:8)
  2 water moccasins
  4 ice beasts
  2 sky beasts
  A hornet zombie (D:6)
  A black bear (D:8)
  2 ogres
  2 centaurs
  3 phantoms
  2 kobold brigands
  2 gnoll sergeants (D:8)
  A scorpion (D:4)
  2 bullfrogs
  2 necrophages (D:6)
  2 wyvern zombies (D:6)
  2 water moccasin zombies (D:6)
  6 wights
  13 killer bees
  A howler monkey (D:6)
  A human zombie (D:6)
  2 bullfrog zombies (D:6)
  2 hounds
  4 jellies
  2 orc priests (D:4)
  An iguana (D:7)
  Ijyb (D:3)
  An orc wizard (D:5)
  A killer bee zombie (D:6)
  Robin (D:3)
  14 gnolls
  6 adders
  2 worms (D:2)
  5 dart slugs
  12 orcs
  9 ball pythons
  7 endoplasms
  5 giant cockroaches
  8 goblins
  5 hobgoblins (D:3)
  12 jackals
  20 kobolds
  7 quokkas
  5 bats
  4 frilled lizards
  5 rats
197 creatures vanquished.

Vanquished Creatures (others)
  6 fungi
  26 plants
32 creatures vanquished.

Grand Total: 229 creatures vanquished

Notes
Turn   | Place    | Note
-------+----------+-------------------------------------------
     0 | D:1      | Newt the Demonspawn Gladiator began the quest for the Orb.
     0 | D:1      | Reached XP level 1. HP: 16/16 MP: 1/1
   130 | D:1      | Gained mutation: You have an unusually large brain. (Int
                  | +2) [demonic ancestry]
   130 | D:1      | Reached XP level 2. HP: 22/23 MP: 2/2
   485 | D:1      | Reached XP level 3. HP: 23/29 MP: 3/3
  1091 | D:2      | Reached XP level 4. HP: 37/37 MP: 4/4
  1685 | D:3      | Found a faded altar of an unknown god.
  1716 | D:3      | Noticed Ijyb
  1716 | D:3      | Noticed Robin
  1736 | D:3      | Killed Ijyb
  1760 | D:3      | Killed Robin
  1761 | D:3      | Reached XP level 5. HP: 34/42 MP: 5/5
  2602 | D:4      | Noticed a phantom
  2610 | D:5      | Entered Level 5 of the Dungeon
  2874 | D:5      | Killed a phantom
  2875 | D:5      | Reached skill level 3 in Short Blades
  2879 | D:5      | Gained mutation: Your touch may inflict minor irresistible
                  | damage on your foes. [demonic ancestry]
  2879 | D:5      | Reached XP level 6. HP: 29/48 MP: 6/6
  3078 | D:4      | Reached skill level 4 in Short Blades
  3209 | D:4      | Found a sacrificial altar of Ru.
  3212 | D:4      | Identified the +2 falchion of Woe {drain, rElec SInv}
  3290 | D:4      | Noticed Grieffels's ghost (amateur MiGl)
  3291 | D:4      | Found a runed translucent gate.
  3292 | D:4      | Found a runed translucent gate.
  3292 | D:4      | Found a runed translucent gate.
  3417 | D:4      | Found a sparkling altar of Nemelex Xobeh.
  3520 | D:4      | Found Direpnet's Lightly-Used Armoury.
  3537 | D:4      | Reached skill level 5 in Short Blades
  3921 | D:4      | Found a blossoming altar of Fedhas.
  4001 | D:4      | Gained mutation: Your touch may inflict irresistible damage
                  | on your foes. [demonic ancestry]
  4001 | D:4      | Reached XP level 7. HP: 40/54 MP: 7/7
  4004 | D:4      | Killed Grieffels's ghost
  4005 | D:4      | Reached skill level 1 in Evocations
  5359 | D:6      | Reached skill level 6 in Short Blades
  5369 | D:6      | Reached XP level 8. HP: 55/60 MP: 8/8
  5579 | D:6      | Found a staircase to the Ecumenical Temple.
  5592 | Temple   | Entered the Ecumenical Temple
  5714 | Temple   | Became a worshipper of Warmaster Okawaru
  5904 | D:6      | Reached skill level 7 in Short Blades
  6048 | D:6      | Reached skill level 8 in Short Blades
  6109 | D:6      | Reached * piety under Okawaru
  6110 | D:6      | Reached skill level 1 in Armour
  6256 | D:6      | Reached skill level 1 in Stealth
  6330 | D:6      | Reached XP level 9. HP: 65/65 MP: 9/9
  6361 | D:6      | Found an ancient bone altar of Kikubaaqudgha.
  7421 | D:7      | Reached skill level 5 in Stealth
  7586 | D:7      | Reached ** piety under Okawaru
  7914 | D:7      | Found a shadowy altar of Dithmenos.
  7928 | D:7      | Reached skill level 1 in Long Blades
  8010 | D:7      | Learned a level 3 spell: Frozen Ramparts
  8083 | D:7      | Found a hide-covered altar of Uskayaw.
  8390 | D:8      | Noticed a two-headed ogre
  8403 | D:8      | Killed a two-headed ogre
  8407 | D:8      | HP: 1/65 [steam dragon/ball of steam (8)]
  8952 | D:8      | Reached skill level 5 in Long Blades
  9187 | D:8      | Noticed Pikel
  9195 | D:8      | Killed Pikel
  9195 | D:8      | Reached *** piety under Okawaru
  9196 | D:8      | Gained mutation: You regenerate magic rapidly. [demonic
                  | ancestry]
  9196 | D:8      | Reached XP level 10. HP: 66/71 MP: 10/10
  9603 | D:8      | Reached skill level 5 in Dodging
  9788 | D:8      | Found a snail-covered altar of Cheibriados.
  9844 | D:9      | Found a staircase to the Lair.
 10348 | D:9      | Found a transporter.
 10392 | D:9      | Noticed dacat99's ghost (novice MiFi)
 10499 | D:9      | HP: 3/71 [wyvern (8)]
 10506 | D:9      | Found a bloodstained altar of Trog.
 10513 | D:9      | Slain by a yak

Illustrated notes

Levels and vault maps discovered:
D:1:      elethiomel_arrival_infinity_welcomes_careful_drivers,
          layout_loops_ring, minmay_3d_cube
D:2:      layout_basic, minmay_misc_feat_pillars, supply_closet_lemuel,
          minmay_guardbox, uniq_crazy_yiuf_cottage
D:3:      layout_basic, ebering_ecumenical_altar_mist, minmay_misc_feat_alley,
          nicolae_goblin_pals
D:4:      layout_gridville, mainiacjoe_overflow_brackets, lemuel_tele_altar,
          fedhas_altar_fruit_tree, gammafunk_ghost_nasty_kobolds,
          minmay_shop_damaged
D:5:      layout_cave_pods, mainiacjoe_overflow_cross_hatched,
          serial_column_ruins, column_ruins_hut_ruined, column_ruins_hut,
          column_ruins_open_tiny, column_ruins_corridor_straight,
          column_ruins_open_small, column_ruins_open_medium,
          column_ruins_open_small_water, column_ruins_open_medium,
          column_ruins_columns_T, kennysheep_generic_room_16
D:6:      layout_loops_cross, lemuel_mausoleum_altar_kikubaaqudgha,
          minmay_temple_entry_junction, kennysheep_dice
D:7:      layout_rooms, kennysheep_mini_moat, mainiacjoe_overflow_tiny_flanked,
          nicolae_dithmenos_shadow_blocks
D:8:      layout_loops_ring, gammafunk_temple_overflow_pools,
          chequers_serial_rivers_room_a, uniq_pikel
D:9:      layout_loops_cross, bloody_trog, minmay_lair_entry_grove,
          kennysheep_orc_monster_closet_entryway, gammafunk_ghost_hive,
          kennysheep_small_circle, uniq_erolcha, uniq_maurice
Temple:   hellmonk_temple_beads

Skill      XL: |  1  2  3  4  5  6  7  8  9 10 |
---------------+-------------------------------+-----
Fighting       | 3 4 |  4.0
Throwing       | 2 3 4 |  4.0
Short Blades   | 3 5 6 8 |  8.7
Dodging        | 3 4 6 |  6.2
Evocations     | 3 |  3.0
Armour         | 3 |  3.0
Stealth        | 2 5 |  5.0
Long Blades    | 5 |  5.6

Action                     |  1- 3 |  4- 6 |  7- 9 | 10-12 || total
---------------------------+-------+-------+-------+-------++-------
  Melee: Rapier            |   121 |    34 |       |       ||   155
         Punch             |     2 |     4 |     5 |     1 ||    12
         Short sword       |       |   200 |   302 |       ||   502
         Touch             |       |     8 |    74 |    15 ||    97
         Falchion          |       |       |    75 |    74 ||   149
  Throw: Javelin           |     4 |     1 |     4 |       ||     9
         Boomerang         |       |    11 |     2 |       ||    13
         Throwing net      |       |     1 |     1 |       ||     2
   Cast: Frozen Ramparts   |       |       |       |     1 ||     1
 Invoke: Heroism           |       |       |       |     1 ||     1
    Use: Scroll            |     6 |     5 |     5 |     3 ||    19
         Potion            |       |     4 |     4 |     6 ||    14
   Stab: Sleeping          |     1 |       |     2 |     1 ||     4
 Armour: Leather armour    |    40 |    25 |       |       ||    65
         Skin              |       |    13 |       |       ||    13
         Ring mail         |       |    55 |   102 |    44 ||   201
  Dodge: Dodged            |    74 |   133 |   179 |    80 ||   466

Table legend: (Time is in decaauts)
 A = Elapsed time spent in this place.
 B = Non-inter-level travel time spent in this place.
 C = Inter-level travel time spent in this place.
 D = Time resting spent in this place.
 E = Time spent auto-exploring this place.
 F = Levels seen in this place.
 G = Mean time per level.
                   A        B        C        D        E       F      G
               +--------+--------+--------+--------+--------+-----+--------+
         Total |  10382 |  10115 |    267 |   3130 |   5597 |  10 | 1038.2 |
       Dungeon |  10222 |  10019 |    203 |   3130 |   5513 |   9 | 1135.8 |
        Temple |    159 |     95 |     64 |      0 |     84 |   1 |  159.0 |
               +--------+--------+--------+--------+--------+-----+--------+

Top non-repeatable levels by time:
     D:8: 1987 daAuts
     D:6: 1559 daAuts
     D:5: 1444 daAuts
     D:7: 1371 daAuts
     D:4: 1103 daAuts
     D:3: 896 daAuts
     D:1: 864 daAuts
     D:2: 811 daAuts
     D:9: 186 daAuts
  Temple: 159 daAuts
